 Dungeon Crawl Stone Soup version 0.31-a0-152-g6aa68a64a1 (webtiles) character file.

Game seed: 5730797084918145500

81 qw the Chopper (level 4, -3/28 HPs)
             Began as a Gargoyle Fighter on June 10, 2023.
             Slain by a gnoll
             ... wielding a +0 flail
              (7 damage)
             ... on level 3 of the Dungeon.
             The game lasted 00:00:51 (1934 turns).

qw the Chopper (Gargoyle Fighter)                   Turns: 1934, Time: 00:00:51

Health: -3/28      AC: 10    Str: 21    XL:     4   Next: 42%
Magic:  4/4        EV:  9    Int:  9    God:
Gold:   80         SH:  5    Dex: 15    Spells: 3/3 levels left

rFire   . . .        Y - +0 war axe
rCold   . . .        c - +0 buckler
rNeg    + . .        b - +0 scale mail
rPois   inf          (no helmet)
rElec   +            i - scarf {repulsion}
rCorr   .            (no gloves)
SInv    .            (no boots)
Will    .....        (no amulet) Stlth
                     h - +6 ring of dexterity
HPRegen 0.24/turn    (no ring)
MPRegen 0.09/turn

%: repel missiles
@: no status effects
A: sickness immunity, AC +3, negative energy resistance 1, electricity
resistance, torment resistance 1, petrification resistance
a: no special abilities


You were on level 3 of the Dungeon.
You visited 1 branch of the dungeon, and saw 3 of its levels.

You collected 80 gold pieces.


Innate Abilities, Weirdness & Mutations

You are immune to sickness and miasma.
Your stone body is resilient. (AC +3)
You are immune to poison.
You resist negative energy. (rN+)
You are resistant to electric shocks. (rElec)
You are resistant to unholy torment.
You are immune to petrification.


   Skills:
 - Level 3.2 Fighting
 + Level 3.8 Axes
 - Level 3.2 Armour
 - Level 1.0 Dodging
 - Level 3.2 Shields


You had 3 spell levels left.
You didn't know any spells.
Your spell library was empty.

Inventory:

Hand Weapons
 f - a +0 club
 Y - a +0 war axe (weapon)
Missiles
 k - 6 boomerangs (quivered)
Armour
 b - a +0 scale mail (worn)
 c - a +0 buckler (worn)
 i - a scarf of repulsion (worn)
Jewellery
 h - a +6 ring of dexterity (left hand)
Scrolls
 g - a scroll of identify
Potions
 a - a potion of lignification {unknown}
 d - a potion of might
 j - a potion of haste {unknown}
 l - a potion of cancellation {unknown}
 m - a potion of mutation {unknown}

Dungeon Overview and Level Annotations

Branches:
Dungeon (3/15)

Altars:
Ashenzari


Message History

A gnoll comes into view. It is wielding a +0 flail. x2
Enter note: The gnoll shouts! x2
Enter note: You block the gnoll's attack.
Enter note: You hit the gnoll.
The gnoll is moderately wounded.
You closely miss the gnoll. The gnoll hits you but does no damage.
The gnoll hits you with a +0 spear.
You closely miss the gnoll.
The gnoll is moderately wounded.
You slash the gnoll! The gnoll hits you with a +0 club.
The gnoll hits you with a +0 spear.
You closely miss the gnoll.
The gnoll is heavily wounded.
You hit the gnoll but do no damage. You barely miss the gnoll.
The gnoll hits you with a +0 flail. The gnoll barely misses you. x2
The gnoll hits you with a +0 club.
You barely miss the gnoll.
The gnoll is moderately wounded.
You closely miss the gnoll. You hit the gnoll. The gnoll barely misses you.
The gnoll hits you with a +0 flail. The gnoll hits you but does no damage.
You closely miss the gnoll.
The gnoll is moderately wounded.
You slash the gnoll! You closely miss the gnoll. You block the gnoll's attack.
The gnoll hits you with a +0 flail. The gnoll hits you but does no damage.
The gnoll closely misses you.
You hit the gnoll.
You kill the gnoll!
You hit the gnoll. You barely miss the gnoll.
The gnoll hits you but does no damage. You block the gnoll's attack.
The gnoll closely misses you. x2; The gnoll hits you but does no damage.
The gnoll hits you with a +0 flail.
You closely miss the gnoll.
The gnoll is moderately wounded.
You hit the gnoll but do no damage. The gnoll hits you with a +0 club.
The gnoll hits you with a +0 flail!
You die...

#. ..#..# ########### .
#..# #.......... ..#..#
#..........
#.#..#########..g.......
....#..?.......@.g.....
###..#.....###?.)g......
.....#....## #######.###
.........## ..
....##...# # ....#...##
..###...# ..##...##
..##.#.#


You could see 3 gnolls.

Vanquished Creatures
  A gnoll (D:3)
  2 adders (D:2)
  A dart slug (D:3)
  8 endoplasms
  A giant cockroach (D:1)
  5 goblins
  8 hobgoblins
  A quokka (D:2)
  6 ball pythons
  4 bats
  A frilled lizard (D:3)
  3 kobolds
  4 rats
45 creatures vanquished.

Notes
Turn   | Place    | Note
-------+----------+-------------------------------------------
     0 | D:1      | qw the Gargoyle Fighter began the quest for the Orb.
     0 | D:1      | Reached XP level 1. HP: 14/14 MP: 1/1
     0 | D:1      | 0 ||| qw: Version: 0.2-a-123-gb51047a
     0 | D:1      | 0 ||| qw: Game counter: 3691
     0 | D:1      | 0 ||| qw: Always use a shield: true
     0 | D:1      | 0 ||| qw: God list: Okawaru
     0 | D:1      | 0 ||| qw: Allow faded altars: false
     0 | D:1      | 0 ||| qw: Do Orc after D:15 true
     0 | D:1      | 0 ||| qw: Do second Lair branch before Depths: true
     0 | D:1      | 0 ||| qw: Lair rune preference: random
     0 | D:1      | 0 ||| qw: Plans: Normal, Zot:1-4, Slime:5, God:TSO, Crypt,
                  | Tomb, Abyss, Pan, Hells, Win
     0 | D:1      | 0 ||| PLANNING D:1-11
    18 | D:1      | 18 ||| Stepping ~*~*~tactically~*~*~ (stealth).
    20 | D:1      | 20 ||| Stepping ~*~*~tactically~*~*~ (stealth).
    22 | D:1      | 22 ||| Stepping ~*~*~tactically~*~*~ (hiding).
    23 | D:1      | 23 ||| Stepping ~*~*~tactically~*~*~ (hiding).
    25 | D:1      | 25 ||| Stepping ~*~*~tactically~*~*~ (hiding).
   157 | D:1      | Reached XP level 2. HP: 19/19 MP: 2/2
   313 | D:1      | Found a faded altar of an unknown god.
   341 | D:1      | 341 ||| Stepping ~*~*~tactically~*~*~ (stealth).
   567 | D:1      | 567 ||| Stepping ~*~*~tactically~*~*~ (stealth).
   574 | D:1      | Reached skill level 3 in Axes
   580 | D:1      | 580 ||| Stepping ~*~*~tactically~*~*~ (stealth).
   583 | D:1      | Reached XP level 3. HP: 23/23 MP: 3/3
   624 | D:1      | 624 ||| Stepping ~*~*~tactically~*~*~ (stealth).
   625 | D:1      | 625 ||| Stepping ~*~*~tactically~*~*~ (stealth).
   794 | D:1      | 794 ||| UPGRADING to +6 ring of dexterity.
   795 | D:1      | 795 ||| READING scroll labelled SASHRE FUGANK.
   796 | D:1      | 796 ||| READING 2 scrolls labelled GEUTIX EDWAPLE.
   797 | D:1      | 797 ||| READING scroll labelled TIL WASAUF.
   798 | D:1      | 798 ||| READING scroll labelled AJAQORAUMI.
  1133 | D:2      | Reached skill level 1 in Dodging
  1256 | D:2      | Reached XP level 4. HP: 28/28 MP: 4/4
  1710 | D:2      | 1710 ||| UPGRADING to scarf of repulsion.
  1715 | D:2      | 1715 ||| READING scroll labelled COEKLE FONU.
  1770 | D:3      | Found a broken altar of Ashenzari.
  1771 | D:3      | 1771 ||| Stepping ~*~*~tactically~*~*~ (stealth).
  1772 | D:3      | 1772 ||| Stepping ~*~*~tactically~*~*~ (stealth).
  1786 | D:3      | 1786 ||| Stepping ~*~*~tactically~*~*~ (stealth).
  1788 | D:3      | 1788 ||| Stepping ~*~*~tactically~*~*~ (stealth).
  1789 | D:3      | 1789 ||| Stepping ~*~*~tactically~*~*~ (stealth).
  1791 | D:3      | 1791 ||| Stepping ~*~*~tactically~*~*~ (hiding).
  1792 | D:3      | 1792 ||| Stepping ~*~*~tactically~*~*~ (hiding).
  1794 | D:3      | 1794 ||| Stepping ~*~*~tactically~*~*~ (hiding).
  1795 | D:3      | 1795 ||| Stepping ~*~*~tactically~*~*~ (hiding).
  1934 | D:3      | HP: 4/28 [gnoll/+0 club (5)]
  1934 | D:3      | Slain by a gnoll

Levels and vault maps discovered:
D:1:      minmay_arrival_cross, layout_loops_ring,
          shapermc_ecumenical_altar_notcrosses, minmay_circled_x
D:2:      layout_basic, chequers_jeans, chequers_serial_rivers_small_b
D:3:      layout_rooms, mainiacjoe_overflow_boulevard,
          mainiacjoe_overflow_cross_hatched, serial_shops, nicolae_shop_crystal,
          minmay_misc_feat_tiny, minmay_shallow_snake_nest, uniq_terence

Skill      XL: |  1  2  3 |
---------------+----------+-----
Axes           | 2 3 |  3.8
Dodging        | 1 |  1.0
Fighting       | |  3.2
Armour         | |  3.2
Shields        | |  3.2

Action                     |  1- 3 |  4- 6 || total
---------------------------+-------+-------++-------
  Melee: War axe           |   101 |    22 ||   123
  Throw: Boomerang         |    10 |     6 ||    16
    Use: Scroll            |     4 |     1 ||     5
 Armour: Scale mail        |    54 |    14 ||    68
  Dodge: Dodged            |    33 |    11 ||    44
  Block: Buckler           |    22 |     8 ||    30

Table legend:
 A = Non-vault XP
 B = Vault XP
 C = Vault XP percentage of total XP
 D = Non-vault monster count
 E = Vault monster count
 F = Vault count percentage of total count
                 A         B        C        D         E       F
            +---------+---------+-------+---------+---------+-------
      Total |     109 |       8 |   6.8 |      41 |       4 |   8.9
            +---------+---------+-------+---------+---------+-------
        D:1 |      35 |       8 |  18.6 |      21 |       4 |  16.0
        D:2 |      50 |       0 |   0.0 |      15 |       0 |   0.0
        D:3 |      24 |       0 |   0.0 |       5 |       0 |   0.0
            +---------+---------+-------+---------+---------+-------
